 Dungeon Crawl Stone Soup version 0.20.0-10-g0535bb4 (webtiles) character file.

190 Kosschaser the Cudgeler (level 5, -3/33 HPs)
             Began as a Gargoyle Monk on June 6, 2017.
             Killed by divine providence
             ... invoked by an orc priest
              (12 damage)
             ... on level 3 of the Dungeon.
             The game lasted 00:06:51 (2408 turns).

Kosschaser the Cudgeler (Gargoyle Monk)             Turns: 2408, Time: 00:06:52

Health: -3/33      AC: 12    Str: 15    XL:     5   Next: 69%
Magic:  5/5        EV: 11    Int: 11    God:
Gold:   90         SH:  0    Dex: 12    Spells: 4/4 levels left

rFire    . . .     SeeInvis .   f - +0 whip
rCold    . . .     Gourm    .   (no shield)
rNeg     + . .     Faith    .   s - +0 ring mail
rPois    ∞         Spirit   .   (no helmet)
rElec    +         Reflect  .   (no cloak)
rCorr    .         Harm     .   l - +2 pair of gloves
MR       .....                  (no boots)
Stlth    +.........             (no amulet)
Regen    0.2/turn               (no ring)
MPRegen  0.1/turn               (no ring)

@: no status effects
A: negative energy resistance 1, electricity resistance, unbreathing,
petrification resistance, rot immunity, AC +4
a: no special abilities


You were on level 3 of the Dungeon.
You were not hungry.

You visited 1 branch of the dungeon, and saw 3 of its levels.

You collected 90 gold pieces.

Inventory:

Hand Weapons
 a - a +0 mace
 f - a +0 whip (weapon)
Armour
 l - a +2 pair of gloves (worn)
 s - a +0 ring mail (worn)
Wands
 t - a wand of iceblast (6/15)
Scrolls
 g - a scroll of immolation {unknown}
 h - a scroll of remove curse
 i - 2 scrolls of identify {unknown}
 j - 3 scrolls of teleportation {unknown}
 n - 2 scrolls of recharging {unknown}
 p - a scroll of amnesia {unknown}
 r - a scroll of magic mapping {unknown}
Potions
 d - a potion of curing {unknown}
 e - a potion of invisibility {unknown}
 k - 2 potions of might {unknown}
 m - 2 potions of haste {unknown}
 q - a potion of degeneration {unknown}
Comestibles
 c - 2 bread rations
 o - a meat ration
 u - 3 fruits


   Skills:
 + Level 4.0 Fighting
 + Level 5.2 Maces & Flails
 + Level 3.1 Dodging
 - Level 2.1 Stealth


You had 4 spell levels left.
You didn't know any spells.

Dungeon Overview and Level Annotations

Branches:
Dungeon (3/15)

Altars:
Xom


Innate Abilities, Weirdness & Mutations

You are resistant to torment.
Your stone body is resilient. (AC +4)
You are immune to poison.
You resist negative energy. (rN+)
You are resistant to electric shocks. (rElec)
You can survive without breathing.
You are immune to petrification.
You are immune to rotting.


Message History

The gnoll is severely wounded.
The gnoll barely misses you.
You closely miss the gnoll.
The gnoll is severely wounded.
The gnoll barely misses you.
You barely miss the gnoll.
The gnoll is severely wounded.
You hit the gnoll.
You kill the gnoll!
Things that are here:
a spear; a gnoll corpse You start resting.
An orc comes into view.
The orc shouts!
An orc comes into view. It is wielding a hand axe.
An orc and an orc priest come into view.
The orc priest shouts!
The orc priest calls down the wrath of Beogh upon you.
Beogh smites you!
You die...

#...............#...#.......##.
##...>...##.#.......#.#####.##.
#..........#...#..##.#####.##.
#.......####............##.###
#....##.# ##.##.<...##.##.###
#.##.##.#####)##.###.........#
#.......##...))..# ####.####..
####.#####.......#####..# ##.
#.# #...@...##.....# #. #.#
#...o...##...[.# ## #.#
#......(##...♣♣♣♣♣♣♣♣ #♣♣
#.......##..♣♣♣♣♣..P♣
#.......##....P..PP..
####o##.####♣(..PP♣♣♣ .o.#.#
♣♣♣♣♣♣♣ #o..#.# ......#


You could see an orc priest and 3 orcs.

Vanquished Creatures
  An orc wizard (D:3)
  Ijyb (D:3)
  3 gnolls (D:3)
  3 adders
  An ooze (D:1)
  2 worms (D:3)
  2 leopard geckos
  7 orcs (D:3)
  2 giant cockroaches
  4 goblins
  5 hobgoblins
  7 jackals
  4 quokkas
  5 bats
  4 frilled lizards
  6 kobolds
  9 rats
66 creatures vanquished.

Notes
Turn   | Place    | Note
-------+----------+-------------------------------------------
     0 | D:1      | Kosschaser the Gargoyle Monk began the quest for the Orb.
     0 | D:1      | Reached XP level 1. HP: 14/14 MP: 1/1
    51 | D:1      | Reached XP level 2. HP: 15/19 MP: 2/2
   395 | D:1      | Reached XP level 3. HP: 23/24 MP: 3/3
   606 | D:1      | Found a shimmering altar of Xom.
   962 | D:2      | Reached skill level 4 in Maces & Flails
  1169 | D:2      | Reached XP level 4. HP: 25/29 MP: 4/4
  1870 | D:3      | Noticed Ijyb
  1911 | D:3      | Reached XP level 5. HP: 27/33 MP: 5/5
  1932 | D:3      | Killed Ijyb
  2347 | D:3      | Reached skill level 5 in Maces & Flails
  2408 | D:3      | Killed from afar by an orc priest

Skill      XL: |  1  2  3  4  5 |
---------------+----------------+-----
Maces & Flails | 4 5 |  5.2
Fighting       | 4 |  4.0
Dodging        | 3 |  3.1
Stealth        | |  2.1

Action                   |  1- 3 |  4- 6 || total
-------------------------+-------+-------++-------
Melee: Mace              |    24 |       ||    24
       Whip              |    96 |   212 ||   308
  Use: Scroll            |     1 |       ||     1
 Stab: Sleeping          |     4 |     2 ||     6
  Eat: Chunk             |       |     5 ||     5
Armor: Robe              |    43 |     9 ||    52
       Ring mail         |       |    73 ||    73
Dodge: Dodged            |    84 |   124 ||   208
